 Dungeon Crawl Stone Soup version 0.31.0 (webtiles) character file.

Game seed: 1343218396784914565

209 qw the Shooter (level 5, -2/32 HPs)
             Began as a Gargoyle Hunter on Jan 19, 2024.
             Incinerated by a bombardier beetle (4 damage)
             ... with a burning spray
             ... on level 4 of the Dungeon.
             The game lasted 00:00:05 (1352 turns).

qw the Shooter (Gargoyle Hunter)                    Turns: 1352, Time: 00:00:05

Health: -2/32      AC:  9    Str: 15    XL:     5   Next: 87%
Magic:  5/5        EV: 11    Int:  9    God:
Gold:   103        SH:  0    Dex: 15    Spells: 4/4 levels left

rFire   . . .        a - +1 shortbow
rCold   . . .        (shield currently unavailable)
rNeg    + . .        h - +0 ring mail
rPois   inf          (no helmet)
rElec   +            (no cloak)
rCorr   .            (no gloves)
SInv    .            (no boots)
Will    .....        (no amulet)
Stlth   +            (no ring)
HPRegen 0.25/turn    (no ring)
MPRegen 0.09/turn

%: no passive effects
@: on fire, glowing
A: sickness immunity, AC +4, negative energy resistance 1, electricity
resistance, torment resistance 1, petrification resistance
a: no special abilities


You were on level 4 of the Dungeon.
You visited 1 branch of the dungeon, and saw 3 of its levels.

You collected 103 gold pieces.


Innate Abilities, Weirdness & Mutations

You are immune to sickness and miasma.
Your stone body is resilient. (AC +4)
You are immune to poison.
You resist negative energy. (rN+)
You are resistant to electric shocks. (rElec)
You are resistant to unholy torment.
You are immune to petrification.


   Skills:
 + Level 3.0 Fighting
 - Level 6.2 Ranged Weapons
 - Level 2.1 Armour
 - Level 1.5 Dodging
 - Level 1.1 Stealth


You had 4 spell levels left.
You didn't know any spells.
Your spell library was empty.

Inventory:

Hand Weapons
 a - a +1 shortbow (weapon)
Armour
 h - a +0 ring mail (worn)
Scrolls
 c - a scroll of fear {unknown}
 d - a scroll of immolation {unknown}
 e - 2 scrolls of identify {unknown}
Potions
 b - a potion of haste {unknown}
 g - 2 potions of heal wounds
 j - a potion of curing {unknown}

Dungeon Overview and Level Annotations

Branches:
Dungeon (2/15)

Altars:


Message History

You kill the hobgoblin!
The jackal closely misses you.
The jackal bites you but does no damage.
You shoot an arrow. The arrow barely misses the jackal.
The jackal closely misses you.
You shoot an arrow. The arrow closely misses the jackal.
The arrow hits the bombardier beetle.
The bombardier beetle is moderately wounded.
The jackal closely misses you. The jackal barely misses you.
You shoot an arrow. The arrow barely misses the jackal.
The arrow hits the bombardier beetle.
The bombardier beetle is heavily wounded.
The jackal barely misses you. x2
You shoot an arrow. The arrow hits the jackal!
You kill the jackal!
The bombardier beetle sprays incendiary fluid at you.
The burning spray hits you.
You are covered in liquid fire!
You shoot an arrow. The arrow hits the bombardier beetle.
The bombardier beetle is almost dead.
The liquid fire burns you!
The bombardier beetle sprays incendiary fluid at you.
The burning spray misses you.
You shoot an arrow.
The arrow hits the bombardier beetle but does no damage.
The bombardier beetle is almost dead.
The liquid fire burns you!
You shoot an arrow. The arrow hits the bombardier beetle!
You kill the bombardier beetle!
The liquid fire burns you!
Your Ranged Weapons skill increases to level 6!
You are on fire!
The liquid fire burns you!
You are on fire!
The liquid fire burns you!
You are on fire!
The liquid fire burns you!
You are on fire!
The liquid fire burns you!
You die...

### #############.##
...[...........#####
.####...#####......#
#.....# ######.#
##...## ##.## #.#
#@# #%# .%. ..%..
....... .........
+.........+
#.........#


There were no monsters in sight!

Vanquished Creatures
  A black bear (D:4)
  A bombardier beetle (D:4)
  Natasha (D:2)
  An adder (D:4)
  A ribbon worm (D:2)
  2 ball pythons (D:1)
  3 bats
  5 endoplasms
  4 giant cockroaches
  A goblin (D:1)
  8 hobgoblins
  8 jackals
  4 kobolds
  2 quokkas
  3 frilled lizards (D:1)
  4 rats
49 creatures vanquished.

Notes
Turn   | Place    | Note
-------+----------+-------------------------------------------
     0 | D:1      | qw the Gargoyle Hunter began the quest for the Orb.
     0 | D:1      | Reached XP level 1. HP: 12/12 MP: 1/1
     0 | D:1      | 0 ||| qw: Version: 0.3-a-132-g3d54051
     0 | D:1      | 0 ||| qw: Game counter: 283
     0 | D:1      | 0 ||| qw: Melee chars always use a shield: true
     0 | D:1      | 0 ||| qw: God list: Okawaru
     0 | D:1      | 0 ||| qw: Allow faded altars: false
     0 | D:1      | 0 ||| qw: Do Orc after clearing Dungeon:15 true
     0 | D:1      | 0 ||| qw: Do second Lair branch before Depths: true
     0 | D:1      | 0 ||| qw: Lair rune preference: random
     0 | D:1      | 0 ||| qw: Goals: Normal
     0 | D:1      | 0 ||| PLANNING D:1-11
    74 | D:1      | Reached XP level 2. HP: 17/17 MP: 2/2
   400 | D:1      | Reached XP level 3. HP: 21/21 MP: 3/3
   510 | D:1      | Reached skill level 5 in Ranged Weapons
   794 | D:1      | 794 ||| UPGRADING to +0 ring mail.
   804 | D:1      | 804 ||| DROPPING +0 leather armour.
   805 | D:1      | 805 ||| READING scroll labelled LAOCITIQENK.
   806 | D:1      | 806 ||| READING scroll labelled CEBIAH AFROETINI.
   811 | D:1      | 811 ||| READING scroll labelled OKHLOU TYACU.
   812 | D:1      | 812 ||| READING scroll labelled WEL NOLEEDGHI.
   812 | D:1      | 812 ||| ENCHANTING +0 shortbow.
   813 | D:1      | 813 ||| READING scroll labelled LENYKO OMENGATZUUG.
   914 | D:1      | 914 ||| DRINKING 2 yellow potions.
   915 | D:1      | 915 ||| DROPPING scroll of butterflies.
  1106 | D:2      | Noticed Natasha
  1109 | D:2      | Killed Natasha
  1110 | D:2      | Reached XP level 4. HP: 27/27 MP: 4/4
  1250 | D:2      | 1250 ||| FLEEEEING.
  1305 | D:2      | You fall into a shaft and drop 2 floors!
  1322 | D:4      | Noticed a black bear
  1328 | D:4      | Reached skill level 3 in Fighting
  1340 | D:4      | Killed a black bear
  1341 | D:4      | Reached XP level 5. HP: 27/32 MP: 5/5
  1349 | D:4      | Reached skill level 6 in Ranged Weapons
  1349 | D:4      | HP: 8/32 [burnt (4)]
  1351 | D:4      | HP: 2/32 [burnt (3)]
  1352 | D:4      | Incinerated by a bombardier beetle

Levels and vault maps discovered:
D:1:      onia_arrival_mini_spirals, layout_loops_ring, minmay_door_square
D:2:      layout_basic, dk_noncrumbling_3, grunt_decor_one_mirror, uniq_natasha
D:4:      layout_loops_corners, mainiacjoe_overflow_alcove_2,
          minmay_temple_entry_proselytizer

Skill      XL: |  1  2  3  4  5 |
---------------+----------------+-----
Ranged Weapons | 5 6 |  6.2
Armour         | 2 |  2.1
Fighting       | 3 |  3.0
Dodging        | |  1.5
Stealth        | |  1.1

Action                     |  1- 3 |  4- 6 || total
---------------------------+-------+-------++-------
   Fire: Shortbow          |   107 |    51 ||   158
    Use: Scroll            |     5 |       ||     5
         Potion            |     1 |       ||     1
 Armour: Leather armour    |    16 |       ||    16
         Ring mail         |     3 |    25 ||    28
  Dodge: Dodged            |    19 |    31 ||    50

Table legend:
 A = Non-vault XP
 B = Vault XP
 C = Vault XP percentage of total XP
 D = Non-vault monster count
 E = Vault monster count
 F = Vault count percentage of total count
                 A         B        C        D         E       F
            +---------+---------+-------+---------+---------+-------
      Total |     264 |      35 |  11.7 |      48 |       1 |   2.0
            +---------+---------+-------+---------+---------+-------
        D:1 |      48 |       0 |   0.0 |      28 |       0 |   0.0
        D:2 |      25 |      35 |  58.3 |      12 |       1 |   7.7
        D:4 |     191 |       0 |   0.0 |       8 |       0 |   0.0
            +---------+---------+-------+---------+---------+-------
